 Dungeon Crawl Stone Soup version 0.29.1-1-gd02db6906a (webtiles) character file.

Game seed: 13261129014874990073

7 RascalDebosk the Chiller (level 2, 0/19 HPs)
             Began as a Merfolk Ice Elementalist on Sept 25, 2022.
             Slain by a hobgoblin (2 damage)
             ... on level 1 of the Dungeon.
             The game lasted 00:02:51 (198 turns).

RascalDebosk the Chiller (Merfolk Ice Elementalist)  Turns: 198, Time: 00:02:52

Health: 0/19       AC:  2    Str: 14    XL:     2   Next: 0%
Magic:  0/5        EV: 12    Int: 14    God:
Gold:   0          SH:  0    Dex: 14    Spells: 4/5 levels left

rFire   . . .      SeeInvis .   (no weapon)
rCold   . . .      Faith    .   (no shield)
rNeg    . . .      Spirit   .   a - +0 robe
rPois   .          Reflect  .   (no helmet)
rElec   .          Harm     .   (no cloak)
rCorr   .          Rampage  .   (no gloves)
Will    .....                   (no boots)
Stlth   ++........              (no amulet)
HPRegen 0.06/turn               d - +6 ring of strength
MPRegen 0.09/turn               (no ring)

@: no status effects
A: (nimble swimmer 2), mertail
a: no special abilities


You were on level 1 of the Dungeon.
You visited 1 branch of the dungeon, and saw 1 of its levels.

Inventory:

Armour
 a - a +0 robe (worn)
Jewellery
 d - a +6 ring of strength (left hand)
Scrolls
 c - a scroll of identify {unknown}
Potions
 b - a potion of magic


   Skills:
 + Level 2.8 Dodging
 + Level 2.3 Stealth
 + Level 2.1 Spellcasting
 + Level 0.3 Conjurations
 + Level 4.4 Ice Magic
 + Level 0.3 Invocations


You had 4 spell levels left.
You knew the following spells:

 Your Spells              Type           Power      Damage    Failure   Level
a - Freeze                Ice            52%        1d7       3%          1

Your spell library contained the following spells:

 Spells                   Type           Power      Damage    Failure   Level
 Frozen Ramparts          Ice            26%        1d4       12%         3
 Ozocubu's Armour         Ice            13%        N/A       12%         3
 Hailstorm                Conj/Ice       8%         3d4       65%         4


Dungeon Overview and Level Annotations

Branches:
Dungeon (1/15)

Altars:


Innate Abilities, Weirdness & Mutations

((You are very nimble when in or above water. (Stealth+, EV+, Speed+++)))
Your lower body shifts to a powerful aquatic tail in water.


Message History

Aim: a kobold, wielding a +0 club You freeze the kobold.
The kobold is moderately wounded.
* * * LOW MAGIC WARNING * * *
The kobold closely misses you. The kobold hits you but does no damage.
Aiming: Freeze (safe; 4% risk of failure)
Press: ? - help, Q - select action Shift-Dir - straight line, f/p - kobold
Aim: a kobold, wielding a +0 club (moderately wounded)
You miscast Freeze.
You are very lightly contaminated with residual magic.
Nothing appears to happen.
* * * LOW MAGIC WARNING * * *
The kobold hits you with a +0 club. The kobold closely misses you.
The kobold attacks as you move away! The kobold closely misses you.
Your magical contamination has completely faded away.
The kobold hits you with a +0 club.
Aiming: Freeze (safe; 4% risk of failure)
Press: ? - help, Q - select action Shift-Dir - straight line, f/p - kobold
Aim: a kobold, wielding a +0 club (moderately wounded)
You freeze the kobold.
You kill the kobold!
* * * LOW MAGIC WARNING * * *
Magic restored.
HP restored.
c - a scroll labelled QACZELOMA You see here a giant cockroach corpse.
d - a +6 ring of strength You feel stronger.
d - a +6 ring of strength (left hand)
Found 2 stones.
Found a rapier.
Found an escape hatch in the floor.
A goblin comes into view. It is wielding a +0 club.
A kobold comes into view. It is wielding a +0 short sword.
Found a scroll labelled QACZELOMA.
The goblin shouts!
The kobold shouts!
You hear a shout!
Aiming: Freeze (safe; 4% risk of failure)
Press: ? - help, Q - select action Shift-Dir - straight line, f - goblin
Aim: a goblin, wielding a +0 club You freeze the goblin!
You kill the goblin!
A rat comes into view.
A goblin comes into view. It is wielding a +0 dagger.
A hobgoblin comes into view.
Aiming: Freeze (safe; 3% risk of failure)
Press: ? - help, Q - select action Shift-Dir - straight line, f - kobold
Aim: a kobold, wielding a +0 short sword You freeze the kobold.
The kobold is heavily wounded.
The kobold barely misses you.
Aiming: Freeze (safe; 3% risk of failure)
Press: ? - help, Q - select action Shift-Dir - straight line, f/p - kobold
Aim: a kobold, wielding a +0 short sword (heavily wounded)
You freeze the kobold!
You kill the kobold!
* * * LOW MAGIC WARNING * * *
The rat barely misses you. The rat attacks as you move away!
The rat bites you but does no damage. The rat attacks as you move away!
The rat bites you but does no damage.
Aiming: Freeze (safe; 3% risk of failure)
Press: ? - help, Q - select action Shift-Dir - straight line, f - rat
Aim: a rat You freeze the rat.
You kill the rat!
* * * LOW MAGIC WARNING * * *
The goblin attacks as you move away! The goblin closely misses you.
The goblin attacks as you move away! The goblin hits you with a +0 dagger.
The goblin attacks as you move away! The goblin hits you but does no damage.
The goblin attacks as you move away! The goblin hits you with a +0 dagger.
* * * LOW HITPOINT WARNING * * *
Aiming: Freeze (safe; 3% risk of failure)
Press: ? - help, Q - select action Shift-Dir - straight line, f - goblin
Aim: a goblin, wielding a +0 dagger You freeze the goblin.
You kill the goblin!
* * * LOW MAGIC WARNING * * *
You have reached level 2!
The hobgoblin attacks as you move away! The hobgoblin hits you.
* * * LOW HITPOINT WARNING * * *
The hobgoblin attacks as you move away! The hobgoblin hits you.
* * * LOW HITPOINT WARNING * * *
Aiming: Freeze (safe; 3% risk of failure)
Press: ? - help, Q - select action Shift-Dir - straight line, f - hobgoblin
Aim: a hobgoblin You freeze the hobgoblin.
The hobgoblin is heavily wounded.
* * * LOW MAGIC WARNING * * *
The hobgoblin hits you.
* * * LOW HITPOINT WARNING * * *
The hobgoblin attacks as you move away! The hobgoblin hits you.
* * * LOW HITPOINT WARNING * * *
You barely miss the hobgoblin.
The hobgoblin is heavily wounded.
The hobgoblin completely misses you.
You hit the hobgoblin.
The hobgoblin is severely wounded.
The hobgoblin hits you.
You die...

# #.####.....#....)#
#.........##..##.#
......#.#.....)...###
...##.#.##......#...#
.#.##.#....#....#.###
#.# ......##.##.###
###...........#
###...#.###.#
#...@g....# .(.
#..##.##### ...
#.....#
#........####.#####
#........##...#
#........#..#.#
#...........#... #.
.........##### ...
#.....#.#


You could see a hobgoblin.

Vanquished Creatures
  A giant cockroach (D:1)
  2 goblins (D:1)
  2 kobolds (D:1)
  A rat (D:1)
6 creatures vanquished.

Notes
Turn   | Place    | Note
-------+----------+-------------------------------------------
     0 | D:1      | RascalDebosk the Merfolk Ice Elementalist began the quest
                  | for the Orb.
     0 | D:1      | Reached XP level 1. HP: 13/13 MP: 3/3
   185 | D:1      | Reached XP level 2. HP: 9/19 MP: 0/5
   198 | D:1      | Slain by a hobgoblin

Illustrated notes

Levels and vault maps discovered:
D:1:      amcnicky_arrival_choice, layout_basic,
          chequers_ecumenical_altar_twisty, serial_shops, nicolae_shop_stone,
          nicolae_shop_statue_plus, shop, shop, amethyst_killhole,
          kennysheep_decorative_pillar

Action                   || total
-------------------------++-------
Melee: Unarmed           ||     2
 Cast: Freeze            ||    10
Armor: Robe              ||     4
Dodge: Dodged            ||     8
